 Dungeon Crawl Stone Soup version 0.29.1-1-gd02db6906a (webtiles) character file.

Game seed: 4063129175821282311

86 Earthwalker the Trooper (level 4, -3/42 HPs)
             Began as a Minotaur Fighter on Oct 13, 2022.
             Slain by an orc wizard
             ... wielding a +2 mace of protection
              (8 damage)
             ... on level 3 of the Dungeon.
             The game lasted 00:04:19 (2052 turns).

Earthwalker the Trooper (Minotaur Fighter)          Turns: 2052, Time: 00:04:19

Health: -3/42      AC:  6    Str: 23    XL:     4   Next: 27%
Magic:  3/3        EV:  9    Int:  5    God:
Gold:   67         SH:  9    Dex:  9    Spells: 3/3 levels left

rFire   . . .      SeeInvis .   a - +0 war axe
rCold   . . .      Faith    .   c - +0 buckler
rNeg    . . .      Spirit   .   b - +0 scale mail
rPois   .          Reflect  +   (helmet restricted)
rElec   .          Harm     .   (no cloak)
rCorr   .          Rampage  .   (no gloves)
Will    .....                   (no boots)
Stlth   ..........              q - amulet of reflection
HPRegen 0.14/turn               (no ring)
MPRegen 0.08/turn               (no ring)

@: no status effects
A: horns 2, retaliatory headbutt
a: no special abilities


You were on level 3 of the Dungeon.
You visited 1 branch of the dungeon, and saw 3 of its levels.

You collected 67 gold pieces.

Inventory:

Hand Weapons
 a - a +0 war axe (weapon)
Missiles
 n - 2 poisoned darts (quivered)
 p - 4 atropa-tipped darts
Armour
 b - a +0 scale mail (worn)
 c - a +0 buckler (worn)
Jewellery
 g - an amulet of faith
 q - an amulet of reflection (around neck)
 s - a ring of resist corrosion
Wands
 f - a wand of polymorph (6)
Scrolls
 i - a scroll of teleportation
 k - 2 scrolls of amnesia {unknown}
 m - a scroll of noise {unknown}
Potions
 d - a potion of might
 e - 2 potions of flight
 h - 2 potions of curing
 j - a potion of heal wounds {unknown}
 l - a potion of mutation {unknown}
 r - a potion of brilliance {unknown}


   Skills:
 + Level 5.1 Fighting
 + Level 4.2 Axes
 - Level 3.6 Armour
 - Level 3.6 Shields


You had 3 spell levels left.
You didn't know any spells.
Your spell library was empty.

Dungeon Overview and Level Annotations

Branches:
Dungeon (3/15)

Altars:
Gozag
Yredelemnul

Shops:
D:2 [


Innate Abilities, Weirdness & Mutations

You have a pair of horns on your head.
You reflexively headbutt those who attack you in melee.


Message History

You barely miss the orc. Your headbutt misses the orc.
You block the orc's attack.
You hit the orc.
The orc is lightly wounded.
The orc hits you but does no damage. The orc hits you with a +0 mace.
You barely miss the orc.
The orc is lightly wounded.
The orc hits you with a +0 mace.
You barely miss the orc. You headbutt the orc.
You kill the orc!
No target in view!
You start resting.
An orc wizard comes into view. It is wielding a +2 mace of protection.
Items here: )) [ ††.
The orc wizard gestures wildly while chanting.
The orc wizard flickers and vanishes!
Deactivating autopickup; reactivate with Ctrl-A.
No target in view!
No target in view!
No target in view!
Something hits you.
You miss something. Your headbutt misses something. Something hits you.
You barely miss something.
You hear some strange, mumbled words.
A puff of flame appears from out of thin air!
The puff of flame hits you!
You hit something but do no damage. You headbutt something.
You hear some strange, mumbled words.
Something tries to affect you, but you resist.
You hear some strange, mumbled words.
A magic dart appears from out of thin air!
The magic dart hits you.
You miss something. Something hits you.
You closely miss something. Something hits you but does no damage.
You barely miss something. Something hits you.
* * * LOW HITPOINT WARNING * * *
You closely miss something. Something hits you!
* * * LOW HITPOINT WARNING * * *
Something hits you!
You die...

# #.########
#.{@.)...#
♣♣♣♣♣♣♣♣.#
♣..≈≈≈≈§§§♣#
♣.≈..§§.§§♣
♣.≈.≈§≈§§§♣
♣.≈§§.§§§.♣#####
♣.≈≈._.≈≈.♣#...#
♣.≈≈...≈≈.♣#.#.###
♣.≈.≈≈≈.≈.♣#.#...#


There were no monsters in sight!

Vanquished Creatures
  Robin (D:2)
  2 adders
  A dart slug (D:1)
  2 orcs (D:3)
  4 ball pythons
  An endoplasm (D:1)
  3 giant cockroaches
  12 goblins
  3 hobgoblins
  5 jackals (D:1)
  3 quokkas
  2 bats (D:1)
  A frilled lizard (D:2)
  6 kobolds
  3 rats
49 creatures vanquished.

Notes
Turn   | Place    | Note
-------+----------+-------------------------------------------
     0 | D:1      | Earthwalker the Minotaur Fighter began the quest for the
                  | Orb.
     0 | D:1      | Reached XP level 1. HP: 19/19 MP: 0/0
   205 | D:1      | Reached skill level 4 in Fighting
   205 | D:1      | Reached XP level 2. HP: 18/27 MP: 1/1
   606 | D:1      | Reached XP level 3. HP: 24/34 MP: 2/2
   695 | D:1      | Found a faded altar of an unknown god.
   938 | D:2      | Noticed Robin
   947 | D:2      | Killed Robin
  1256 | D:2      | Found Plog's Armour Shoppe.
  1517 | D:2      | Reached XP level 4. HP: 41/41 MP: 3/3
  1839 | D:3      | Reached skill level 5 in Fighting
  1914 | D:3      | Found a basalt altar of Yredelemnul.
  1949 | D:3      | Found an opulent altar of Gozag.
  2052 | D:3      | Slain by an orc wizard

Illustrated notes

Levels and vault maps discovered:
D:1:      roderic_dead_forest, layout_rooms,
          hellmonk_ecumenical_altar_inner_sanctum, nrook_mini_vaults
D:2:      layout_loops_ring, serial_shops, shop, uniq_robin
D:3:      layout_basic, mainiacjoe_overflow_paths, lemuel_crystal_altar,
          hangedman_glass_teeth

Skill      XL: |  1  2  3  4 |
---------------+-------------+-----
Fighting       | 4 5 |  5.1
Axes           | 3 4 |  4.2
Armour         | |  3.6
Shields        | |  3.6

Action                   |  1- 3 |  4- 6 || total
-------------------------+-------+-------++-------
Melee: War axe           |    61 |    26 ||    87
       Headbutt          |     4 |     4 ||     8
  Use: Scroll            |       |     6 ||     6
Armor: Scale mail        |    35 |     8 ||    43
Dodge: Dodged            |    47 |     2 ||    49
Block: Buckler           |    18 |     8 ||    26
